 Dungeon Crawl Stone Soup version 0.26.0-8-g74fc34ddfb (webtiles) character file.

Game seed: 9537033185327392950

1553 shakesphere1979 the Covered (level 9, -6/62 HPs)
             Began as a Halfling Berserker on Jan 12, 2021.
             Was a Priest of Trog.
             Mangled by a killer bee (7 damage)
             ... on level 6 of the Dungeon.
             The game lasted 00:20:17 (8635 turns).

shakesphere1979 the Covered (Halfling Berserker)    Turns: 8635, Time: 00:20:18

Health: -6/62      AC: 11    Str: 21    XL:     9   Next: 12%
Magic:  9/9        EV: 17    Int:  5    God:    Trog [***...]
Gold:   384        SH:  5    Dex: 17    Spells: 8/8 levels left

rFire    . . .     SeeInvis .   a - +1 short sword
rCold    . . .     Faith    .   (shield restricted)
rNeg     . . .     Spirit   .   A - +1 scale mail of Festooned Intercession {*Contam rCorr Dex+3}
rPois    .         Reflect  +   (no helmet)
rElec    .         Harm     .   (no cloak)
rCorr    +         Rampage  .   q - +1 pair of gloves
Will     .....                  (no boots)
Stlth    ++........             n - amulet of reflection
HPRegen  0.20/turn              (no ring)
MPRegen  0.11/turn              (no ring)

@: lethally poisoned (-6 -> -10), berserk cooldown, slowed, very slow
A: small, mutation resistance 1
a: Renounce Religion, Berserk, Trog's Hand


You were on level 6 of the Dungeon.
You worshipped Trog.
Trog was most pleased with you.
You visited 1 branch of the dungeon, and saw 6 of its levels.

You collected 384 gold pieces.

Inventory:

Hand Weapons
 a - a +1 short sword (weapon)
 t - a +0 hunting sling
Missiles
 e - 200 stones
 p - 11 poisoned darts
 s - 65 arrows
 u - 53 bolts
 B - 26 sling bullets
Armour
 q - a +1 pair of gloves (worn)
 A - the +1 scale mail of Festooned Intercession (worn) {*Contam rCorr Dex+3}
   (You found it on level 4 of the Dungeon)

   It affects your dexterity (+3).
   It causes magical contamination when unequipped.
   It provides partial protection from all sources of acid and corrosion.
Jewellery
 n - an amulet of reflection (around neck)
Wands
 w - a wand of flame (9)
Scrolls
 b - a scroll of fog {unknown}
 f - 4 scrolls of identify
 i - a scroll of silence {unknown}
 k - a scroll of noise {unknown}
 r - 2 scrolls of remove curse
 y - a scroll of enchant armour {unknown}
 z - a scroll of immolation
 D - a scroll of enchant weapon
Potions
 c - 2 potions of ambrosia
 d - a potion of heal wounds {unknown}
 g - 2 potions of attraction
 h - a potion of brilliance {unknown}
 j - a potion of invisibility {unknown}
 l - a potion of berserk rage {unknown}
 m - 2 potions of flight
 o - 6 potions of curing
 v - a potion of magic {unknown}
 x - a potion of mutation {unknown}


   Skills:
 + Level 6.1 Fighting
 - Level 3.6 Short Blades
 + Level 6.6 Armour
 + Level 6.6 Dodging
 + Level 4.4 Stealth


You had 8 spell levels left.
You didn't know any spells.
Your spell library was empty.

Dungeon Overview and Level Annotations

Branches:
Dungeon (6/15)             Temple (0/1) D:6

Altars:
Dithmenos
Fedhas
Gozag
Hepliaklqana
Qazlal
Ru
Trog
The Shining One

Shops:
D:5 =

Annotations:
D:3 1 runed translucent door, Crazy Yiuf
D:4 Robin


Innate Abilities, Weirdness & Mutations

You are small and have problems with some larger weapons.
You are somewhat resistant to further mutation.


Message History

* * * LOW HITPOINT WARNING * * *
The killer bee misses you.
* * * LOW HITPOINT WARNING * * *
You feel sick. The killer bee barely misses you.
The killer bee stings you but does no damage.
* * * LOW HITPOINT WARNING * * *
You feel sick. You block the killer bee's attack. The killer bee stings you.
* * * LOW HITPOINT WARNING * * *
The killer bee stings you but does no damage.
You block the killer bee's attack.
* * * LOW HITPOINT WARNING * * *
You feel sick.
The killer bee stings you but does no damage.
The killer bee closely misses you.
* * * LOW HITPOINT WARNING * * *
You feel sick. The killer bee barely misses you. x2
* * * LOW HITPOINT WARNING * * *
You feel sick. The killer bee closely misses you. The killer bee misses you.
The killer bee barely misses you. The killer bee stings you!
You die...

# #.# ## #.# # .##
#.#####..
..########.##....
...........#..#.#
≈≈.####..#..##..#
≈≈.# ##.#.##...#
≈≈## #..##....## #
≈≈# #..# #.>y@#.(#
≈≈# #..###.Jy..#
≈≈# ##..#...##...#
≈≈# ##....## #..#
≈≈# ####..####.#
#.....#...
#########.##...#...
#.........# ##...##
#.#####.### .#


You could see a jelly (inner flame) and 2 killer bees.

Vanquished Creatures
  Grinder (D:3)
  A water moccasin (D:5)
  Duvessa (D:4)
  2 ogres (D:5)
  Dowan (D:4)
  2 scorpions (D:4)
  4 killer bees (D:6)
  A bullfrog zombie (D:5)
  A hound (D:5)
  A jelly (D:6)
  A centaur skeleton (D:6)
  An orc priest (D:4)
  An orc wizard (D:5)
  Terence (D:2)
  Natasha (thrice) (D:3)
  5 worker ants
  A howler monkey zombie (D:5)
  3 gnolls (D:3)
  9 adders
  A white imp (D:5)
  4 oozes
  An adder skeleton (D:5)
  3 worms
  2 dart slugs
  4 leopard geckos
  6 orcs
  8 giant cockroaches
  3 goblins
  10 hobgoblins
  3 quokkas
  3 ball pythons
  10 bats
  5 frilled lizards
  A giant cockroach zombie (D:5)
  A jackal skeleton (D:4)
  4 kobolds
  A quokka zombie (D:5)
  2 rats
112 creatures vanquished.

Vanquished Creatures (others)
  A plant (D:2)
1 creature vanquished.

Grand Total: 113 creatures vanquished

Notes
Turn   | Place    | Note
-------+----------+-------------------------------------------
     0 | D:1      | shakesphere1979 the Halfling Berserker began the quest for
                  | the Orb.
     0 | D:1      | Reached XP level 1. HP: 15/15 MP: 1/1
   120 | D:1      | Reached XP level 2. HP: 14/20 MP: 2/2
   585 | D:1      | Reached XP level 3. HP: 26/26 MP: 3/3
  1711 | D:2      | Reached XP level 4. HP: 31/31 MP: 4/4
  1892 | D:2      | Noticed Terence
  1903 | D:2      | Killed Terence
  2171 | D:2      | Found a shadowy altar of Dithmenos.
  2342 | D:2      | Found a stormy altar of Qazlal.
  2479 | D:2      | Reached XP level 5. HP: 36/36 MP: 5/5
  2535 | D:2      | Found a hazy altar of Hepliaklqana.
  2686 | D:2      | Reached ** piety under Trog
  2883 | D:2      | Found a glowing golden altar of the Shining One.
  3494 | D:3      | Found an opulent altar of Gozag.
  3532 | D:3      | Noticed Grinder
  3548 | D:3      | Killed Grinder
  3549 | D:3      | Reached XP level 6. HP: 43/43 MP: 6/6
  3941 | D:3      | Found a runed translucent door.
  3942 | D:3      | Noticed Crazy Yiuf
  4049 | D:3      | Noticed Natasha
  4096 | D:3      | Killed Natasha
  4097 | D:3      | Reached XP level 7. HP: 32/49 MP: 7/7
  4380 | D:3      | Found a sacrificial altar of Ru.
  4617 | D:3      | Noticed Natasha
  4622 | D:3      | Killed Natasha
  4859 | D:3      | Found a blossoming altar of Fedhas.
  5135 | D:3      | Noticed Natasha
  5144 | D:3      | Killed Natasha
  5145 | D:3      | Reached skill level 5 in Armour
  5224 | D:4      | Reached skill level 5 in Dodging
  5542 | D:4      | Reached skill level 5 in Fighting
  5789 | D:4      | Reached skill level 1 in Stealth
  5880 | D:4      | Noticed Robin
  6140 | D:4      | Got a ruby-studded scale mail
  6163 | D:4      | Identified the +1 scale mail of Festooned Intercession
                  | {*Contam rCorr Dex+3} (You found it on level 4 of the
                  | Dungeon)
  6195 | D:4      | Noticed Duvessa
  6216 | D:4      | Killed Duvessa
  6216 | D:4      | Reached *** piety under Trog
  6217 | D:4      | Reached XP level 8. HP: 55/55 MP: 8/8
  6271 | D:4      | Noticed Dowan
  6282 | D:4      | Killed Dowan
  6602 | D:5      | Entered Level 5 of the Dungeon
  7487 | D:5      | Found Diase's Jewellery Shoppe.
  8220 | D:5      | Found a bloodstained altar of Trog.
  8572 | D:6      | Found a staircase to the Ecumenical Temple.
  8602 | D:6      | Reached XP level 9. HP: 62/62 MP: 9/9
  8632 | D:6      | HP: 3/62 [killer bee (4)]
  8635 | D:6      | HP: 1/62 [poisoned by a killer bee]
  8635 | D:6      | Mangled by a killer bee

Illustrated notes

Levels and vault maps discovered:
D:1:      wheals_arrival_shading, layout_basic
D:2:      layout_basic, overflow_temple_1_default, tso_oasis_becter,
          general_overflow_altar, nzn_hepliaklqana_mist_gate, uniq_terence
D:3:      layout_basic, lemuel_round_altar, lemuel_coloured_pillars_altar,
          nicolae_ru_sacrificial_ziggurat, uniq_crazy_yiuf_cottage,
          uniq_grinder, uniq_natasha
D:4:      layout_basic, serial_co_window_serial, co_window_paths_b,
          co_window_paths_a, co_window_paths_b, co_window_corner_a,
          co_window_paths_a, co_window_cross_4, co_window_of_opportunity_b,
          co_window_of_opportunity_b, co_window_paths_e, co_window_4corner_b,
          uniq_duvessa, uniq_robin
D:5:      layout_basic, serial_shops, shop, trog_butcher_becter
D:6:      nicolae_whirlpool, layout_loops_corners, minmay_temple_entry_wispy

Skill      XL: |  1  2  3  4  5  6  7  8 |
---------------+-------------------------+-----
Fighting       | 3 4 5 6 |  6.1
Armour         | 3 4 5 6 |  6.6
Dodging        | 3 4 5 6 |  6.6
Stealth        | 2 4 |  4.4
Short Blades   | |  3.6

Action                   |  1- 3 |  4- 6 |  7- 9 || total
-------------------------+-------+-------+-------++-------
Melee: Short sword       |   125 |   118 |   352 ||   595
Invok: Berserk           |     1 |     6 |    13 ||    20
  Use: Scroll            |       |     5 |    11 ||    16
 Stab: Sleeping          |     1 |       |       ||     1
Armor: Animal skin       |    16 |     9 |       ||    25
       Plate armour      |       |    66 |    58 ||   124
       Skin              |       |     3 |       ||     3
       Scale mail        |       |       |    44 ||    44
Dodge: Dodged            |    94 |    99 |   211 ||   404
Block: Other             |       |       |    16 ||    16
       Reflection        |       |       |     1 ||     1
